 Dungeon Crawl Stone Soup version 0.32-a0-40-g2adb59ae06 (webtiles) character file.

Game seed: 8674590543490063427

67836 cforsyth the Warrior (level 15, -3/128 HPs)
             Began as a Djinni Enchanter on Jan 24, 2024.
             Was a Priest of Fedhas.
             Slain by a warg (17 damage)
             ... on level 1 of the Orcish Mines.
             The game lasted 00:53:23 (27234 turns).

cforsyth the Warrior (Djinni Enchanter)            Turns: 27234, Time: 00:53:24

Health: -3/128     AC: 10    Str:  7    XL:     15   Next: 67%
Gold:   3533       EV: 12    Int: 22    God:    Fedhas [***...] SH:  0 Dex: 20

rFire   + . .        J - +2 mace "Egear" {freeze, rN+ Will++}
rCold   + . .        (no shield)
rNeg    + . .        o - +0 troll leather armour
rPois   ∞            T - +0 helmet
rElec   .            Y - +2 cloak {rCorr}
rCorr   +            S - +2 pair of gloves
SInv    +            (boots unavailable)
Will    ++++.        E - amulet of regeneration
Stlth   ++           W - ring of ice
HPRegen 2.01/turn    a - ring "Ahaumuath" {rC+ Will+ Dex+4 Slay-2 SInv}
MPRegen 0.00/turn

%: infuse magic (-4 HP)
@: flying, very slightly contaminated, studying Spellcasting
A: sickness immunity, fire resistance 2, cold vulnerability 1, float, innate
caster, HP casting, extra vitality 1
a: Renounce Religion, Wall of Briars, Grow Ballistomycete


You were on level 1 of the Orcish Mines.
You worshipped Fedhas.
Fedhas was most pleased with you.
You visited 4 branches of the dungeon, and saw 20 of its levels.
You also visited: Bailey, Gauntlet and Volcano.

You collected 3533 gold pieces.

Inventory:

Hand Weapons
 J - the +2 mace "Egear" (weapon) {freeze, rN+ Will++}
   (You found it in a bailey)

   rN+:       It protects you from negative energy.
   Will++:    It greatly increases your willpower.
Armour
 k - the +1 cloak of the Furrier {^Drain rF+ Int+4 SInv}
   (You found it in a Gauntlet)

   Int+4:     It affects your intelligence (+4).
   rF+:       It protects you from fire.
   SInv:      It lets you see invisible.
   ^Drain:    It drains your maximum health when unequipped.
 o - a +0 troll leather armour (worn)
 C - a +2 robe of positive energy
 F - a +2 robe of willpower
 O - a +3 chain mail of fire resistance
 P - a +0 leather armour of fire resistance
 Q - a +2 leather armour of fire resistance
 S - a +2 pair of gloves (worn)
 T - a +0 helmet (worn)
 U - +0 ice dragon scales
 V - the +0 scale mail "Toeqideg" {rElec Dex+3}
   (You found it on level 5 of the Lair of Beasts)

   Dex+3:     It affects your dexterity (+3).
   rElec:     It insulates you from electricity.
 X - the +2 buckler of Devotion {*Corrode rElec rPois Dex+3}
   (You found it on level 10 of the Dungeon)

   Dex+3:     It affects your dexterity (+3).
   rElec:     It insulates you from electricity.
   rPois:     It protects you from poison *Corrode: It may corrode you when you
   take damage.
 Y - a +2 cloak of preservation (worn)
Jewellery
 a - the ring "Ahaumuath" (right hand) {rC+ Will+ Dex+4 Slay-2 SInv}
   (You found it in a Gauntlet)

   [ring of see invisible]

   Dex+4:     It affects your dexterity (+4).
   Slay-2:    It affects your accuracy & damage with ranged weapons and melee
   (-2).
   rC+:       It protects you from cold.
   Will+:     It increases your willpower.
   SInv:      It lets you see invisible.
 E - an amulet of regeneration (around neck)
 W - a ring of ice (left hand)
Wands
 b - a wand of mindburst (4)
 c - a wand of iceblast (7)
 n - a wand of flame (43)
 v - a wand of paralysis (12)
 D - a wand of polymorph (24)
 L - a wand of light (7)
 M - a wand of digging (7)
Scrolls
 d - 5 scrolls of poison {unknown}
 e - a scroll of torment
 f - 4 scrolls of enchant armour {unknown}
 g - 2 scrolls of noise {unknown}
 l - a scroll of identify
 m - 2 scrolls of butterflies {unknown}
 p - 3 scrolls of fog
 r - 4 scrolls of revelation
 s - 3 scrolls of fear
 t - 4 scrolls of enchant weapon {unknown}
 u - 3 scrolls of blinking
 x - 3 scrolls of immolation {unknown}
 y - a scroll of vulnerability
 H - 4 scrolls of teleportation {unknown}
 K - 2 scrolls of silence
Potions
 h - 2 potions of brilliance
 i - 4 potions of curing
 j - 5 potions of might
 q - a potion of heal wounds
 w - a potion of resistance
 z - a potion of berserk rage
 A - 2 potions of mutation
 B - a potion of lignification
 G - a potion of experience
 I - 4 potions of haste
 N - 2 potions of cancellation
 R - 2 potions of attraction


   Skills:
 + Level 18.9 Fighting
 - Level 0.8 Short Blades
 - Level 2.1 Dodging
 - Level 2.4 Stealth
 + Level 15.3 Spellcasting
 + Level 14.8 Conjurations
 + Level 14.8 Hexes
 + Level 14.8 Summonings
 + Level 14.8 Necromancy
 + Level 14.8 Translocations
 + Level 14.8 Fire Magic
 + Level 14.8 Ice Magic
 + Level 14.8 Air Magic
 + Level 14.8 Earth Magic
 + Level 14.8 Alchemy


You knew the following spells:

 Your Spells              Type           Power      Damage    Failure   Level
a - Ensorcelled Hibernat  Hex/Ice        100%       N/A       1%          2
b - Confusing Touch       Hex            70%        N/A       1%          3
c - Tukima's Dance        Hex            70%        N/A       1%          3
d - Dazzling Flash        Conj/Hex       100%       N/A       1%          3
e - Slow                  Hex            100%       N/A       0%          1
f - Scorch                Fire           100%       2d9       1%          2
g - Summon Cactus Giant   Summ           35%        N/A       1%          6
h - Vhi's Electric Charg  Tloc/Air       100%       N/A       1%          4
i - Alistair's Intoxicat  Alch           46%        N/A       1%          5
j - Metabolic Englaciati  Hex/Ice        44%        N/A       1%          5
k - Stone Arrow           Conj/Erth      100%       3d13      1%          3
Your spell library was empty.

Dungeon Overview and Level Annotations

Branches:
Dungeon (12/15)            Temple (1/1) D:6            Lair (5/5) D:9
 Shoals (0/4) Lair:2       Spider (0/4) Lair:3        Slime (0/5) Lair:5
    Orc (2/2) D:10            Elf (0/3) Orc:2        Bailey (visited)
Volcano (visited)         Gauntlet (visited)

Altars:
Ashenzari
Cheibriados
Dithmenos
Elyvilon
Fedhas
Gozag
Hepliaklqana
Makhleb
Nemelex Xobeh
Okawaru
Qazlal
Ru
Trog
Uskayaw
Wu Jian
Xom
Yredelemnul
Zin
The Shining One
Jiyva

Shops:
D:1 :

Annotations:
Temple Dowan
Lair:3 exclusion: oklob plant
Lair:4 3 runed translucent doors, Uveod's ghost, journeyman FeEE


Innate Abilities, Weirdness & Mutations

You are immune to sickness and miasma.
You are immune to poison.
Your flesh is very heat resistant. (rF++)
You are vulnerable to cold. (rC-)
You float through the air rather than walking.
You learn spells naturally, not from books.
Your magical power is your life essence.
You have superior vitality. (+4 MHP)


Message History

The warg bites you.
The orc priest calls down the wrath of Beogh upon you.
Beogh smites you! The warg bites you.
The orc high priest utters an invocation to Beogh.
The warg closely misses you. The warg attacks as it pursues you!
The warg barely misses you.
The orc priest mumbles some strange prayers to Beogh against you.
Beogh smites you!
The orc throws a boomerang.
The boomerang hits you but does no damage.
The warg closely misses you.
There is an escape hatch in the ceiling here.
The warg attacks as it pursues you! The warg bites you! The warg bites you!
The warg attacks as it pursues you! The warg bites you.
The orc high priest invokes the aid of Beogh against you.
Beogh smites you!
* * * LOW HITPOINT WARNING * * *
The warg bites you but does no damage.
There is a staircase to the Elven Halls here.
The warg attacks as it pursues you! The warg barely misses you.
The warg stops to sniff the ground.
The warg misses you.
There is a stone staircase leading up here.
The warg closely misses you.
You fly upwards.
There is a stone staircase leading down here.
You are too injured to fight recklessly!
Casting: Stone Arrow (safe; 1% risk of failure)
Confirm with . or Enter, or press ? or * to list all spells.
You miscast Summon Cactus Giant.
You are very lightly contaminated with residual magic.
Something forms from out of thin air.
* * * LOW HITPOINT WARNING * * *
A nameless horror comes into view.
The warg bites you!!
* * * LOW HITPOINT WARNING * * *
The warg bites you!
You die...
Fedhas appreciates your contribution to the ecosystem.

##....## ####...#...
##......### #.....##...
#.........####......#...
#...###..###....##....##
#.........####...#......
####....### #.....#.#..
###....# ##...####..
#....h.### ##...# ###
###...#)@..## ##### #
#....##)....# #
##....X....## #
###.....### ###.###
#.#.# #####


You could see a nameless horror and a warg.

Vanquished Creatures
  A minotaur (Gauntlet)
  Harold (Lair:2)
  Erolcha (D:12)
  Fannar (D:10)
  2 two-headed ogres (D:12)
  4 catoblepae (Lair:5)
  3 hydras
  A boulder beetle (Lair:2)
  12 death yaks
  A hell knight (Volcano)
  A salamander mystic (Volcano)
  4 skysharks
  Nergalle (Lair:2)
  An orb spider (Lair:3)
  Pikel (D:6)
  2 cyclopes
  4 salamanders (Volcano)
  2 orc sorcerers
  2 manticores (Lair:5)
  3 orc knights
  A merfolk siren (Lair:2)
  Joseph (D:8)
  11 elephants
  20 cane toads
  2 black mambas
  3 gargoyles
  2 unseen horrors (D:12)
  3 rime drakes (Lair:2)
  7 komodo dragons
  A minotaur zombie (Gauntlet)
  2 kobold demonologists
  Jeremiah (D:7)
  5 trolls
  2 polar bears (Lair:5)
  3 merfolk (Lair:2)
  7 dream sheep (Lair:5)
  5 blink frogs (Lair:3)
  Sigmund (D:2)
  A shadow (D:9)
  6 wyverns
  2 vampires
  A slime creature (D:12)
  27 yaks
  6 basilisks
  3 vampire mosquitoes (D:11)
  A warg (Orc:2)
  Duvessa (Temple)
  3 acid dragons
  11 water moccasins
  27 orc warriors
  4 black bears
  2 sky beasts (D:7)
  4 ogres
  4 wolves (Lair:5)
  4 centaurs
  A phantom (D:5)
  3 kobold brigands
  2 lemures (D:6)
  Blork the orc (D:4)
  10 bullfrogs
  A gnoll sergeant (D:12)
  5 scorpions
  8 wights
  6 killer bees (D:8)
  12 electric eels
  3 bombardier beetles
  2 howler monkeys
  5 hounds
  3 jellies
  A gnoll bouda (D:9)
  12 orc priests
  3 iguanas
  6 hell rats
  13 orc wizards
  9 adders
  16 gnolls
  2 shadow imps
  A white imp (D:7)
  3 ufetubi
  5 dart slugs
  2 ribbon worms
  53 orcs
  10 ball pythons
  4 endoplasms
  3 giant cockroaches
  16 goblins
  9 hobgoblins
  14 jackals
  17 kobolds
  3 quokkas
  3 bats
  3 frilled lizards (D:1)
  5 rats
507 creatures vanquished.

Vanquished Creatures (collateral kills)
  Rupert (Orc:2)
  A dire elephant (Gauntlet)
  A centaur warrior (D:10)
  2 boulder beetles (D:11)
  Urug (Orc:1)
  2 elephants (Gauntlet)
  A troll (D:10)
  2 hornets (Gauntlet)
  2 slime creatures (D:12)
  A yak (D:10)
  2 orc warriors
  An orc priest (Orc:1)
  3 orc wizards
  10 orcs
30 creatures vanquished.

Vanquished Creatures (others)
  An acid dragon (Gauntlet)
  A giant cockroach (D:3)
2 creatures vanquished.

Grand Total: 539 creatures vanquished

Notes
Turn   | Place    | Note
-------+----------+-------------------------------------------
     0 | D:1      | cforsyth the Djinni Enchanter began the quest for the Orb.
     0 | D:1      | cforsyth set off with the following spells memorised:
                  | Ensorcelled Hibernation, Confusing Touch, Tukima's Dance,
                  | Dazzling Flash.
     0 | D:1      | Reached XP level 1. HP: 15/15 MP: 0/0
   110 | D:1      | Reached XP level 2. HP: 13/22 MP: 0/0
   197 | D:1      | Reached skill level 1 in Fighting
   588 | D:1      | Found Litu's Book Shop.
   635 | D:1      | Reached XP level 3. HP: 23/27 MP: 0/0
   635 | D:1      | Learned a level 1 spell: Slow
  1242 | D:2      | Reached skill level 2 in Fighting
  1350 | D:2      | Reached XP level 4. HP: 14/33 MP: 0/0
  1633 | D:2      | Noticed Sigmund
  1641 | D:2      | Killed Sigmund
  1642 | D:2      | Reached skill level 3 in Fighting
  1642 | D:2      | Reached XP level 5. HP: 24/41 MP: 0/0
  1642 | D:2      | Learned a level 2 spell: Scorch
  1642 | D:2      | Reached XP level 6. HP: 27/47 MP: 0/0
  1811 | D:2      | Found a white marble altar of Elyvilon.
  2226 | D:3      | Reached skill level 4 in Fighting
  2376 | D:3      | Found a white marble altar of Elyvilon.
  2695 | D:3      | Reached XP level 7. HP: 45/53 MP: 0/0
  2695 | D:3      | Learned a level 3 spell: Stone Arrow
  2968 | D:4      | Found a sparkling altar of Nemelex Xobeh.
  3134 | D:4      | Reached skill level 5 in Fighting
  3134 | D:4      | Reached skill level 5 in Spellcasting
  3134 | D:4      | Reached skill level 5 in Conjurations
  3134 | D:4      | Reached skill level 5 in Hexes
  3134 | D:4      | Reached skill level 5 in Summonings
  3134 | D:4      | Reached skill level 5 in Necromancy
  3134 | D:4      | Reached skill level 5 in Translocations
  3134 | D:4      | Reached skill level 5 in Fire Magic
  3134 | D:4      | Reached skill level 5 in Ice Magic
  3134 | D:4      | Reached skill level 5 in Air Magic
  3134 | D:4      | Reached skill level 5 in Earth Magic
  3134 | D:4      | Reached skill level 5 in Alchemy
  3716 | D:4      | Noticed Blork the orc
  3719 | D:4      | Killed Blork the orc
  3720 | D:4      | Reached XP level 8. HP: 52/61 MP: 0/0
  3818 | D:5      | Entered Level 5 of the Dungeon
  3975 | D:5      | Reached skill level 6 in Fighting
  4728 | D:5      | Reached skill level 7 in Fighting
  5299 | D:6      | Found an ornate altar of the Wu Jian Council.
  5354 | D:6      | Reached XP level 9. HP: 62/68 MP: 0/0
  5354 | D:6      | Learned a level 4 spell: Vhi's Electric Charge
  5379 | D:6      | Found a staircase to the Ecumenical Temple.
  5385 | D:6      | Noticed Dowan
  5391 | D:6      | Noticed Duvessa
  5395 | Temple   | Entered the Ecumenical Temple
  5643 | Temple   | Killed Duvessa
  6219 | D:6      | Reached skill level 8 in Fighting
  6438 | D:6      | Found a burning altar of Makhleb.
  6465 | D:6      | Noticed Pikel
  6471 | D:6      | Killed Pikel
  6968 | D:7      | Reached skill level 9 in Fighting
  7174 | D:7      | Reached XP level 10. HP: 72/78 MP: 0/0
  7243 | D:7      | Noticed Jeremiah
  7625 | D:7      | Killed Jeremiah
  7626 | D:7      | Reached skill level 10 in Fighting
  8215 | D:8      | Found a transporter.
  8217 | D:8      | Found a transporter.
  8245 | D:8      | Found a flagged portal.
  8307 | Bailey   | Entered a bailey
  8774 | Bailey   | Noticed a kobold demonologist
  8796 | Bailey   | Killed a kobold demonologist
  9030 | Bailey   | Noticed an orc knight
  9052 | Bailey   | Killed an orc knight
  9053 | Bailey   | Reached skill level 11 in Fighting
  9220 | Bailey   | Noticed an orc knight
  9225 | Bailey   | Killed an orc knight
  9226 | Bailey   | Reached XP level 11. HP: 73/87 MP: 0/0
  9226 | Bailey   | Learned a level 5 spell: Alistair's Intoxication
  9387 | Bailey   | Found an iron altar of Okawaru.
  9387 | Bailey   | Noticed an orc sorcerer
  9557 | Bailey   | Killed an orc sorcerer
  9705 | Bailey   | Identified the +2 mace "Egear" {freeze, rN+ Will++}
  9875 | D:8      | Found a transporter.
  9912 | D:8      | Found an iron altar of Okawaru.
 10010 | D:8      | Found a broken altar of Ashenzari.
 10046 | D:8      | Found a transporter.
 10048 | D:8      | Found a transporter.
 10160 | D:8      | Reached skill level 12 in Fighting
 10417 | D:8      | Noticed Joseph
 10855 | D:8      | Found a transporter.
 11183 | D:8      | Killed Joseph
 12270 | D:9      | Reached skill level 10 in Spellcasting
 12270 | D:9      | Reached skill level 10 in Conjurations
 12270 | D:9      | Reached skill level 10 in Hexes
 12270 | D:9      | Reached skill level 10 in Summonings
 12270 | D:9      | Reached skill level 10 in Necromancy
 12270 | D:9      | Reached skill level 10 in Translocations
 12270 | D:9      | Reached skill level 10 in Fire Magic
 12270 | D:9      | Reached skill level 10 in Ice Magic
 12270 | D:9      | Reached skill level 10 in Air Magic
 12270 | D:9      | Reached skill level 10 in Earth Magic
 12270 | D:9      | Reached skill level 10 in Alchemy
 12684 | D:9      | Found a staircase to the Lair.
 12913 | D:10     | Entered Level 10 of the Dungeon
 12913 | D:10     | Noticed Fannar
 13278 | Lair:1   | Entered Level 1 of the Lair of Beasts
 13362 | Lair:1   | Reached skill level 13 in Fighting
 13362 | Lair:1   | Acquired 1050 gold pieces
 13422 | Lair:1   | Reached XP level 12. HP: 89/98 MP: 0/0
 14417 | Lair:2   | Noticed Nergalle
 14426 | Lair:2   | Killed Nergalle
 14430 | Lair:2   | Found a dark tunnel.
 14605 | Volcano  | Entered a volcano
 14638 | Volcano  | Noticed a hell knight
 14770 | Volcano  | Killed a hell knight
 14821 | Volcano  | Noticed a salamander mystic
 14906 | Volcano  | Reached skill level 14 in Fighting
 15004 | Volcano  | Killed a salamander mystic
 15831 | Lair:2   | Found a staircase to the Shoals.
 15865 | Lair:2   | Noticed a skyshark
 15872 | Lair:2   | Killed a skyshark
 15873 | Lair:2   | Reached XP level 13. HP: 98/106 MP: 0/0
 15873 | Lair:2   | Learned a level 5 spell: Metabolic Englaciation
 16212 | Lair:2   | Reached skill level 15 in Fighting
 16386 | Lair:2   | Noticed Harold
 16546 | Lair:2   | Killed Harold
 16746 | Lair:3   | Noticed a six-headed hydra
 16746 | Lair:3   | Noticed a four-headed hydra
 16755 | Lair:3   | Killed a four-headed hydra
 16759 | Lair:3   | Killed a six-headed hydra
 17275 | Lair:3   | Reached skill level 16 in Fighting
 17555 | Lair:3   | Found a hole to the Spider Nest.
 18944 | Lair:4   | Noticed an eight-headed hydra
 18952 | Lair:4   | Killed an eight-headed hydra
 18953 | Lair:4   | Reached XP level 14. HP: 101/117 MP: 0/0
 19141 | Lair:4   | Found a runed translucent gate.
 19141 | Lair:4   | Found a runed translucent gate.
 19141 | Lair:4   | Noticed an acid blob
 19141 | Lair:4   | Noticed an azure jelly
 19142 | Lair:4   | Found a runed translucent gate.
 19143 | Lair:4   | Noticed an acid blob
 19144 | Lair:4   | Noticed an acid blob
 19144 | Lair:4   | Noticed an azure jelly
 19159 | Lair:4   | Noticed Uveod's ghost (journeyman FeEE)
 19159 | Lair:4   | Noticed an acid blob
 19160 | Lair:4   | Noticed a rockslime
 19160 | Lair:4   | Noticed an acid blob
 19160 | Lair:4   | Noticed an azure jelly
 19161 | Lair:4   | Noticed an acid blob
 19161 | Lair:4   | Noticed an acid blob
 19161 | Lair:4   | Noticed a rockslime
 19421 | Lair:4   | Found a viscous altar of Jiyva.
 19427 | Lair:5   | Entered Level 5 of the Lair of Beasts
 20214 | Lair:4   | Reached skill level 17 in Fighting
 20929 | Lair:5   | Found a viscous altar of Jiyva.
 20929 | Lair:5   | Found a staircase to the Slime Pits.
 21989 | Lair:5   | Identified the +0 scale mail "Toeqideg" {rElec Dex+3}
 22296 | D:10     | Killed Fannar
 22333 | D:10     | Found a blossoming altar of Fedhas.
 22334 | D:10     | Identified the +2 buckler of Devotion {*Corrode rElec rPois
                  | Dex+3}
 22506 | D:10     | Reached XP level 15. HP: 100/126 MP: 0/0
 22506 | D:10     | Learned a level 6 spell: Summon Cactus Giant
 22806 | D:10     | Reached skill level 18 in Fighting
 22839 | D:10     | Found a glowing golden altar of the Shining One.
 22845 | D:10     | Identified the granite talisman "Pethe" {rC+ rN++ Int+3
                  | Dex-4}
 23242 | D:10     | Found a staircase to the Orcish Mines.
 23477 | D:10     | Became a worshipper of Fedhas Madash
 23502 | D:11     | Found a gate leading to a gauntlet.
 23515 | Gauntlet | Entered a Gauntlet
 23515 | Gauntlet | Found a transporter.
 23515 | Gauntlet | Found a transporter.
 23575 | Gauntlet | Found a transporter.
 23575 | Gauntlet | Found a transporter.
 23589 | Gauntlet | Found a transporter.
 23595 | Gauntlet | Found a transporter.
 23595 | Gauntlet | Found a transporter.
 23619 | Gauntlet | Found a transporter.
 23626 | Gauntlet | Found a transporter.
 23638 | Gauntlet | Found a transporter.
 23656 | Gauntlet | Found a transporter.
 23666 | Gauntlet | Found a transporter.
 23711 | Gauntlet | Found a transporter.
 23733 | Gauntlet | Found a transporter.
 23828 | Gauntlet | Found a transporter.
 23842 | Gauntlet | Found a transporter.
 24174 | Gauntlet | Identified the +1 cloak of the Furrier {^Drain rF+ Int+4
                  | SInv}
 24188 | Gauntlet | Acquired 900 gold pieces
 24272 | Gauntlet | Identified the ring "Ahaumuath" {rC+ Will+ Dex+4 Slay-2
                  | SInv}
 24276 | Gauntlet | Identified the +8 hand axe of No Interval {freeze, Dex+3}
 25008 | D:11     | Reached * piety under Fedhas
 25922 | D:12     | Noticed Erolcha
 25926 | D:12     | Killed Erolcha
 25927 | D:12     | Reached skill level 15 in Spellcasting
 26251 | Orc:1    | Entered Level 1 of the Orcish Mines
 26251 | Orc:1    | Noticed Urug
 26445 | Orc:1    | Reached ** piety under Fedhas
 26447 | Orc:1    | Killed Urug
 26910 | Orc:2    | Entered Level 2 of the Orcish Mines
 26910 | Orc:2    | Noticed Rupert
 26923 | Orc:2    | Killed Rupert
 26975 | Orc:2    | Found a staircase to the Elven Halls.
 27091 | Orc:1    | Reached *** piety under Fedhas
 27234 | Orc:1    | Slain by a warg

Illustrated notes

Levels and vault maps discovered:
D:1:      amcnicky_arrival_abandoned_market, layout_basic, serial_shops,
          nicolae_shop_peninsula, supply_closet_lemuel
D:2:      layout_basic, basic_altar, uniq_sigmund
D:3:      layout_loops_ring, elyvilon_altar_4
D:4:      wad_lake_hut, layout_rooms, nemelex_xobeh_ov_fountains_minmay,
          chequers_garden, hangedman_decor_growths, uniq_blork_the_orc
D:5:      layout_cave_pods, minmay_joined_circles
D:6:      layout_cave_pools, mainiacjoe_overflow_surrounded_room,
          nicolae_wu_jian_wuxing_cycle, lemuel_blue_sif_altar,
          minmay_temple_entry_wispy, serial_column_ruins,
          column_ruins_open_tiny, column_ruins_columns_dead_end,
          column_ruins_open_small, column_ruins_corridor_straight,
          column_ruins_open_tiny, uniq_pikel, uniq_duvessa
D:7:      layout_cave_pods, mrwooster_statue_mirror, uniq_jeremiah
D:8:      layout_basic, evilmike_ruin_ashenzari,
          mainiacjoe_overflow_small_starburst, lemuel_round_altar,
          enter_bailey_3, serial_nicolae_subway, nicolae_sub_station_crystal,
          nicolae_sub_station_metal, nicolae_sub_station_stone, uniq_joseph
D:9:      layout_gridville, erik_lair_dragon
D:10:     layout_cave_pods, amcnicky_altar_gilded, nicolae_tso_carved_into_rock,
          erik_orc_2, uniq_fannar
D:11:     layout_basic, gauntlet_entry_generic
D:12:     layout_stronghold, serial_rivers, chequers_serial_rivers_small_a,
          chequers_serial_rivers_small_a, chequers_serial_rivers_micro_c,
          chequers_serial_rivers_large_b, chequers_serial_rivers_micro_c,
          uniq_erolcha
Temple:   nicolae_temple_godzebo
Lair:1:   layout_loops_ring, minmay_holes, minmay_hedge_maze
Lair:2:   layout_gridlike, elwin_shoals_entry_stream,
          lightli_volcano_entry_magma_tube, lemuel_old_faithful,
          serial_bayou_shore_a, uniq_harold, uniq_nergalle
Lair:3:   layout_cave_pods, nicolae_spider_entry_orb_guardian
Lair:4:   layout_concentric_octagons, gammafunk_ghost_ooze
Lair:5:   evilmike_catoblepas_cave, layout_loops_ring, slime_entry_1,
          serial_bayou_shore_b, infiniplex_staircase_pool_2
Orc:1:    layout_diamond_mine, serial_shops, uniq_urug
Orc:2:    st_orc_town, layout_caves, mines1_david, uniq_rupert

Skill      XL: |  1  2  3  4  5  6  7  8  9 10 11 12 13 14 15 |
---------------+----------------------------------------------+-----
Spellcasting   | 3 4 5 6 7 9 10 11 12 14 15 | 15.3
Conjurations   | 3 4 5 6 7 9 10 11 12 14 | 14.8
Hexes          | 3 4 5 6 7 9 10 11 12 14 | 14.8
Summonings     | 3 4 5 6 7 9 10 11 12 14 | 14.8
Necromancy     | 3 4 5 6 7 9 10 11 12 14 | 14.8
Translocations | 3 4 5 6 7 9 10 11 12 14 | 14.8
Fire Magic     | 3 4 5 6 7 9 10 11 12 14 | 14.8
Ice Magic      | 3 4 5 6 7 9 10 11 12 14 | 14.8
Air Magic      | 3 4 5 6 7 9 10 11 12 14 | 14.8
Earth Magic    | 3 4 5 6 7 9 10 11 12 14 | 14.8
Alchemy        | 3 4 5 6 7 9 10 11 12 14 | 14.8
Fighting       | 1 2 3 4 5 7 9 11 13 14 16 17 18 | 18.9
Short Blades   | |  0.8
Dodging        | |  2.1
Stealth        | |  2.4

Action                     |  1- 3 |  4- 6 |  7- 9 | 10-12 | 13-15 || total
---------------------------+-------+-------+-------+-------+-------++-------
  Melee: Dagger            |   105 |    25 |       |       |       ||   130
         Halberd           |       |    18 |    47 |    20 |       ||    85
         Mace              |       |       |       |     2 |     2 ||     4
   Cast: Ensorcelled Hiber |    17 |       |       |     4 |     2 ||    23
         Tukima's Dance    |       |     1 |       |     1 |       ||     2
         Confusing Touch   |       |     1 |       |       |       ||     1
         Scorch            |       |    23 |       |     2 |     3 ||    28
         Stone Arrow       |       |       |   118 |   328 |   622 ||  1068
         Alistair's Intoxi |       |       |       |     3 |       ||     3
         Vhi's Electric Ch |       |       |       |     1 |     1 ||     2
         Metabolic Englaci |       |       |       |       |    65 ||    65
         Dazzling Flash    |       |       |       |       |     1 ||     1
         Slow              |       |       |       |       |     3 ||     3
         Summon Cactus Gia |       |       |       |       |    25 ||    25
    Use: Potion            |       |       |     2 |     4 |     5 ||    11
         Scroll            |       |       |       |     4 |    23 ||    27
   Stab: Sleeping          |    11 |     2 |     2 |       |       ||    15
         Confused          |       |     1 |       |       |       ||     1
 Armour: Robe              |    59 |    22 |     1 |       |       ||    82
         Leather armour    |       |       |    84 |   139 |   176 ||   399
         Troll leather arm |       |       |       |       |    75 ||    75
  Dodge: Dodged            |    56 |    29 |    44 |    73 |    99 ||   301

Table legend: (Time is in decaauts)
 A = Elapsed time spent in this place.
 B = Non-inter-level travel time spent in this place.
 C = Inter-level travel time spent in this place.
 D = Time resting spent in this place.
 E = Time spent auto-exploring this place.
 F = Levels seen in this place.
 G = Mean time per level.
                   A        B        C        D        E       F      G
               +--------+--------+--------+--------+--------+-----+--------+
         Total |  27297 |  25659 |   1638 |   3903 |  17329 |  23 | 1186.8 |
       Dungeon |  15122 |  14119 |   1003 |   1696 |  10565 |  12 | 1260.2 |
        Temple |    250 |    229 |     21 |    158 |      0 |   1 |  250.0 |
          Lair |   8132 |   7555 |    577 |   1236 |   4858 |   5 | 1626.4 |
  Orcish Mines |    807 |    771 |     36 |    110 |    491 |   2 |  403.5 |
        Bailey |   1424 |   1424 |      0 |    351 |    827 |   1 | 1424.0 |
       Volcano |    470 |    470 |      0 |     93 |    236 |   1 |  470.0 |
      Gauntlet |   1089 |   1089 |      0 |    259 |    352 |   1 | 1089.0 |
               +--------+--------+--------+--------+--------+-----+--------+

Top non-repeatable levels by time:
     D:9: 2117 daAuts
  Lair:5: 1975 daAuts
  Lair:4: 1887 daAuts
     D:8: 1867 daAuts
  Lair:3: 1607 daAuts
     D:5: 1495 daAuts
  Lair:2: 1474 daAuts
     D:7: 1469 daAuts
    D:10: 1425 daAuts
  Bailey: 1424 daAuts
     D:6: 1220 daAuts
  Lair:1: 1187 daAuts
     D:1: 1136 daAuts
Gauntlet: 1089 daAuts
    D:12: 1017 daAuts
